 Dungeon Sprint DCSS version 0.26.1-2-gb8aa6d0cf2 (webtiles) character file.

Game seed: 11468901009895870314

62150 Groucho the Peltast (level 15, -38/108 HPs)
             Began as a Gargoyle Fighter on Feb 20, 2021.
             Was the Champion of Cheibriados.
             Killed from afar by a crystal guardian (58 damage)
             ... with a crystal bolt
             ... in the Dungeon (Sprint IX: "|||||||||||||||||||||||||||||").
             The game lasted 00:10:19 (6630 turns).

Groucho the Peltast (Gargoyle Fighter)              Turns: 6630, Time: 00:10:20

Health: -38/108    AC: 38    Str: 37    XL:     15   Next: 5%
Magic:  12/28      EV: 21    Int: 24    God:    Cheibriados [******]
Gold:   1397       SH: 28    Dex: 28    Spells: 14/14 levels left

rFire    . . .     SeeInvis .   y - +3 broad axe
rCold    . . .     Faith    .   z - +1 tower shield
rNeg     + + .     Spirit   .   v - +3 chain mail
rPois    ∞         Reflect  .   A - +1 helmet
rElec    +         Harm     .   w - +0 cloak
rCorr    +         Rampage  .   b - +0 pair of gloves
Will     +....     NoTele   +   u - +0 pair of boots
Stlth    ..........             (no amulet)
HPRegen  0.28/turn              q - ring of positive energy
MPRegen  0.21/turn              x - ring of resist corrosion

@: marked, very slow
A: big wings, negative energy resistance 1, electricity resistance, unbreathing,
petrification resistance, miasma immunity, AC +11
a: Fly, Renounce Religion, Bend Time, Temporal Distortion, Slouch, Step From
Time


You were in the Dungeon.
You worshipped Cheibriados.
Cheibriados was exalted by your worship.
You visited 1 branch You collected 1917 gold pieces.
You spent 520 gold pieces at shops.

Inventory:

Hand Weapons
 y - a +3 broad axe (weapon)
Armour
 b - a +0 pair of gloves (worn)
 u - a +0 pair of boots (worn)
 v - a +3 chain mail (worn)
 w - a +0 cloak (worn)
 z - a +1 tower shield (worn)
 A - a +1 helmet (worn)
Jewellery
 n - an uncursed ring of protection from fire
 o - an uncursed ring of protection from cold
 q - a ring of positive energy (left hand)
 x - a ring of resist corrosion (right hand)
Wands
 m - a wand of acid (10)
Scrolls
 e - 2 scrolls of fog
 f - 2 scrolls of enchant weapon
 i - 2 scrolls of identify
 j - a scroll of blinking
 k - 5 scrolls of remove curse
 l - 2 scrolls of amnesia
 s - 2 scrolls of fear
Potions
 a - 2 potions of lignification {unknown}
 d - a potion of might
 g - a potion of haste
 h - 4 potions of magic
 p - a potion of resistance
 t - a potion of curing


   Skills:
 + Level 17.8 Fighting
 + Level 15.2 Axes
 * Level 20.1 Armour
 * Level 12.0 Dodging
 * Level 20.1 Shields
 * Level 18.1 Invocations


You had 14 spell levels left.
You didn't know any spells.
Your spell library was empty.

Dungeon Overview and Level Annotations

Branches:
Dungeon (1/1)

Altars:
Cheibriados
Dithmenos
Elyvilon
Fedhas
Gozag
Hepliaklqana
Kikubaaqudgha
Makhleb
Nemelex Xobeh
Okawaru
Qazlal
Ru
Sif Muna
Trog
Uskayaw
Vehumet
Wu Jian
Xom
Yredelemnul
Zin
The Shining One
Beogh
Jiyva
Lugonu

Shops:
D =?}?


Innate Abilities, Weirdness & Mutations

You are resistant to torment.
Your stone body is resilient. (AC +11)
You are immune to poison.
Your large and strong wings let you fly indefinitely.
You resist negative energy. (rN+)
You are resistant to electric shocks. (rElec)
You can survive without breathing.
You are immune to petrification.
You are immune to miasma.


Message History

You destroy the battlesphere!
The crystal guardian fires a crystalline bolt at you.
The crystal bolt freezes you!!
* * * LOW HITPOINT WARNING * * *
The deep elf mage gestures wildly while chanting.
Unknown command.
Unknown command.
Okay, then.
Blink to where?
Press: ? - help, Dir - move target
Okay, then.
Okay, then.
You can feel time thicken for a moment.
You kill the deep elf mage!
Cheibriados appreciates the change of pace.
The ice beast disappears in a puff of smoke! x2
The crystal guardian fires a crystalline bolt at you.
The crystal bolt burns you!!!
Ouch! That really hurt!
You die...

▓(▓)▓.▓(▓.▓∩▓.▓.
▓§▓(▓÷▓.▓[▓.▓)▓.▓.
▓p▓(▓.▓.▓(▓.▓)▓.▓†
▓)▓(▓.▓.▓)▓.▓)▓.▓†
▓Q▓.▓.▓.▓'▓.▓(▓.▓†
▓§▓)▓.▓.▓.▓.▓(▓.▓'
▓o▓.▓.▓.▓.▓.▓)▓.▓.
▓8▓.▓.▓.▓.▓.▓.▓.▓.
▓@▓.▓.▓.▓.▓.▓.▓.▓.
▓(▓.▓.▓)▓.▓.▓.▓.▓.
▓(▓.▓.▓.▓.▓.▓.▓.▓.
▓(▓.▓'▓.▓.▓.▓)▓.▓.
▓.▓.♣.♣.▓.▓.▓.▓.▓.
▓.▓.♣.♣.▓!▓.▓.▓.▓.
▓.▓.♣.♣.▓.▓.▓)▓.▓.
▓)▓.♣.♣.▓[▓.▓)▓.▓'
▓.▓.♣.♣.▓.▓.▓)▓.▓.


You could see an ironheart preserver, a tengu reaver (sheltered), an orc knight
(sheltered) and a crystal guardian (sheltered).

Vanquished Creatures
  Saint Roka (D)
  Agnes (D)
  Kirke (D)
  2 nagarajas (D)
  An emperor scorpion (D)
  3 stone giants (D)
  An ironheart preserver (D)
  4 very ugly things (D)
  Azrael (D)
  An ettin (D)
  A fire dragon (D)
  A shambling mangrove (D)
  3 yaktaur captains (D)
  A rakshasa (D)
  2 ice dragons (D)
  4 hydras (D)
  2 centaur warriors (D)
  An anaconda (D)
  A two-headed ogre (D)
  3 ogre magi (D)
  A deep troll earth mage (D)
  A deep troll shaman (D)
  3 alligators (D)
  A shock serpent (D)
  Nergalle (D)
  An unseen horror (shapeshifter) (D)
  A glowing orange brain (D)
  A wizard (D)
  A sea snake (D)
  9 orc knights (D)
  3 lindwurms (D)
  An ironbrand convoker (D)
  An orb spider (D)
  4 ugly things (D)
  2 manticores (D)
  A deep elf mage (D)
  4 cyclopes (D)
  A black mamba (D)
  Joseph (D)
  2 merfolk sirens (D)
  A guardian serpent (D)
  A naga mage (D)
  A vault sentinel (D)
  4 cane toads (D)
  A water nymph (D)
  A gargoyle (D)
  A yaktaur (D)
  A komodo dragon (D)
  A demonic crawler (D)
  2 jumping spiders (D)
  3 hornets (D)
  2 trolls (D)
  2 merfolk (D)
  3 slime creatures (D)
  3 tyrant leeches (D)
  2 blink frogs (D)
  2 redbacks (D)
  A tarantella (D)
  2 wyverns (D)
  A wraith (D)
  A yak (D)
  A fire elemental (D)
  A warg (D)
  A naga (D)
  A soldier ant (D)
  5 water moccasins (D)
  5 hell hounds (D)
  A black bear (D)
  17 orc warriors (D)
  An ogre (D)
  2 centaurs (D)
  A wolf (D)
  4 bullfrogs (D)
  A scorpion (D)
  A hound (D)
  3 orc priests (D)
  7 orc wizards (D)
  A white imp (D)
  An adder skeleton (D)
  4 worms (D)
  An adder simulacrum (D)
  8 orcs (D)
  A bat zombie (D)
  2 goblins (D)
  2 hobgoblins (D)
  A ball python skeleton (D)
  A rat (D)
185 creatures vanquished.

Vanquished Creatures (others)
  A shock serpent (D)
  A human (D)
2 creatures vanquished.

Grand Total: 187 creatures vanquished

Notes
Turn   | Place    | Note
-------+----------+-------------------------------------------
     0 | D        | Groucho the Gargoyle Fighter began the quest for the Orb.
     0 | D        | Reached XP level 1. HP: 14/14 MP: 1/1
    14 | D        | Banished a spatial maelstrom
   177 | D        | Noticed a hound
   177 | D        | Noticed an orc wizard
   177 | D        | Noticed a scorpion
   181 | D        | Killed a scorpion
   182 | D        | Reached skill level 5 in Fighting
   182 | D        | Reached skill level 5 in Armour
   182 | D        | Reached skill level 5 in Shields
   182 | D        | Reached XP level 2. HP: 21/21 MP: 2/2
   182 | D        | Reached XP level 3. HP: 26/26 MP: 3/3
   185 | D        | Reached XP level 4. HP: 32/32 MP: 4/4
   189 | D        | Reached XP level 5. HP: 36/36 MP: 5/5
   194 | D        | Found a roughly hewn altar of Beogh.
   194 | D        | Found a snail-covered altar of Cheibriados.
   194 | D        | Found a shadowy altar of Dithmenos.
   194 | D        | Found a white marble altar of Elyvilon.
   194 | D        | Found a blossoming altar of Fedhas.
   194 | D        | Found an opulent altar of Gozag.
   195 | D        | Found a hazy altar of Hepliaklqana.
   196 | D        | Found a viscous altar of Jiyva.
   197 | D        | Found an ancient bone altar of Kikubaaqudgha.
   198 | D        | Became a worshipper of Cheibriados the Contemplative
   445 | D        | Found a corrupted altar of Lugonu.
   446 | D        | Found a burning altar of Makhleb.
   447 | D        | Found a sparkling altar of Nemelex Xobeh.
   448 | D        | Found an iron altar of Okawaru.
   449 | D        | Found a stormy altar of Qazlal.
   450 | D        | Found a sacrificial altar of Ru.
   451 | D        | Found a shimmering blue altar of Sif Muna.
   452 | D        | Found a bloodstained altar of Trog.
   453 | D        | Found a hide-covered altar of Uskayaw.
   454 | D        | Found a radiant altar of Vehumet.
   455 | D        | Found an ornate altar of the Wu Jian Council.
   456 | D        | Found a shimmering altar of Xom.
   457 | D        | Found a basalt altar of Yredelemnul.
   458 | D        | Found a glowing silver altar of Zin.
   459 | D        | Found a glowing golden altar of the Shining One.
   522 | D        | Noticed a water moccasin
   522 | D        | Noticed a two-headed ogre
   522 | D        | Noticed a black bear
   522 | D        | Noticed a troll
   534 | D        | Killed a troll
   534 | D        | Reached * piety under Cheibriados
   535 | D        | Reached XP level 6. HP: 19/44 MP: 6/6
   536 | D        | Killed a black bear
   540 | D        | Killed a two-headed ogre
   540 | D        | Reached ** piety under Cheibriados
   541 | D        | Reached skill level 10 in Fighting
   541 | D        | Reached skill level 10 in Armour
   541 | D        | Reached skill level 10 in Shields
   541 | D        | Reached XP level 7. HP: 22/52 MP: 7/7
   541 | D        | Reached XP level 8. HP: 25/57 MP: 8/8
   818 | D        | Noticed a wyvern
   818 | D        | Noticed a green ugly thing
   818 | D        | Noticed a cyclops
   818 | D        | Noticed a manticore
   818 | D        | Noticed a brown ugly thing
   829 | D        | Killed a brown ugly thing
   834 | D        | Killed a manticore
   834 | D        | Reached *** piety under Cheibriados
   835 | D        | Reached XP level 9. HP: 7/64 MP: 8/11
   867 | D        | Killed a cyclops
   870 | D        | Killed a green ugly thing
   871 | D        | Reached skill level 5 in Invocations
   875 | D        | Reached **** piety under Cheibriados
   879 | D        | Reached skill level 10 in Axes
  1434 | D        | Noticed a komodo dragon
  1434 | D        | Noticed a cane toad
  1434 | D        | Noticed a cane toad
  1436 | D        | Reached ***** piety under Cheibriados
  1438 | D        | Killed a cane toad
  1439 | D        | Reached XP level 10. HP: 71/71 MP: 8/15
  1439 | D        | Killed a cane toad
  1441 | D        | Noticed a cane toad
  1451 | D        | Killed a cane toad
  1490 | D        | Noticed a five-headed hydra
  1490 | D        | Noticed a cane toad
  1491 | D        | Reached ****** piety under Cheibriados
  1492 | D        | Killed a cane toad
  1494 | D        | Killed a six-headed hydra
  2090 | D        | Noticed a lindwurm
  2090 | D        | Noticed a lindwurm
  2090 | D        | Noticed a lindwurm
  2094 | D        | Killed a lindwurm
  2094 | D        | Killed a lindwurm
  2094 | D        | Killed a lindwurm
  2095 | D        | Reached XP level 11. HP: 73/79 MP: 1/18
  2702 | D        | Reached skill level 10 in Invocations
  2777 | D        | Noticed an orc knight
  2790 | D        | Killed an orc knight
  3266 | D        | Found Udwicuf's Magic Scroll Boutique.
  3266 | D        | Noticed an orc knight
  3266 | D        | Noticed an orc knight
  3272 | D        | Killed an orc knight
  3276 | D        | Killed an orc knight
  3277 | D        | Found Vukoeg's Gadget Shop.
  3277 | D        | Noticed an orc knight
  3284 | D        | Noticed an orc knight
  3285 | D        | Found Gehoat's Magic Scroll Boutique.
  3288 | D        | Killed an orc knight
  3293 | D        | Killed an orc knight
  3300 | D        | Found Tantyor's Jewellery Shop.
  3304 | D        | Noticed an orc knight
  3305 | D        | Noticed an orc knight
  3313 | D        | HP: 2/80 [orc knight/+0 great sword (15)]
  3317 | D        | Killed an orc knight
  3322 | D        | Killed an orc knight
  3365 | D        | Bought an uncursed ring of positive energy for 260 gold
                  | pieces
  3365 | D        | Bought an uncursed ring of resist corrosion for 260 gold
                  | pieces
  3688 | D        | Noticed a manticore
  3688 | D        | Noticed a centaur warrior
  3691 | D        | Killed a centaur warrior
  3692 | D        | Reached skill level 15 in Fighting
  3692 | D        | Reached skill level 15 in Armour
  3692 | D        | Reached skill level 1 in Dodging
  3692 | D        | Reached skill level 15 in Shields
  3692 | D        | Reached XP level 12. HP: 87/87 MP: 9/20
  3693 | D        | Noticed a white very ugly thing
  3695 | D        | Noticed a deep troll shaman
  3697 | D        | Noticed a deep troll earth mage
  3698 | D        | Noticed a stone giant
  3701 | D        | Killed a white very ugly thing
  3705 | D        | Killed a deep troll shaman
  3706 | D        | Killed a deep troll earth mage
  3720 | D        | Killed a stone giant
  4025 | D        | Reached skill level 5 in Dodging
  4025 | D        | Noticed Azrael
  4042 | D        | Killed Azrael
  4329 | D        | Noticed Saint Roka
  4344 | D        | Noticed Kirke
  4353 | D        | Killed Saint Roka
  4354 | D        | Reached XP level 13. HP: 40/93 MP: 9/23
  4362 | D        | Killed Kirke
  4393 | D        | Noticed Agnes
  4403 | D        | Killed Agnes
  4722 | D        | Noticed Nergalle
  4731 | D        | Killed Nergalle
  4842 | D        | Noticed a shambling mangrove
  4845 | D        | Reached skill level 15 in Invocations
  4856 | D        | Killed a shambling mangrove
  5130 | D        | Noticed an emperor scorpion
  5164 | D        | Killed an emperor scorpion
  5165 | D        | Gained mutation: Your large and strong wings let you fly
                  | indefinitely. [Gargoyle growth]
  5165 | D        | Reached XP level 14. HP: 80/100 MP: 15/25
  5437 | D        | Noticed a nagaraja
  5440 | D        | Noticed a nagaraja
  5443 | D        | Killed a nagaraja
  5455 | D        | Reached skill level 10 in Dodging
  5461 | D        | Killed a nagaraja
  5674 | D        | Noticed Joseph
  5684 | D        | Killed Joseph
  5744 | D        | Noticed a stone giant
  5744 | D        | Noticed a brown very ugly thing
  5744 | D        | Noticed a green very ugly thing
  5748 | D        | Noticed a red very ugly thing
  5754 | D        | Killed a brown very ugly thing
  5754 | D        | Killed a red very ugly thing
  5755 | D        | Killed a brown very ugly thing
  5755 | D        | Killed a stone giant
  6168 | D        | Noticed a stone giant
  6175 | D        | Reached skill level 15 in Axes
  6179 | D        | Killed a stone giant
  6585 | D        | Noticed an ironheart preserver
  6604 | D        | Killed an ironheart preserver
  6605 | D        | Reached XP level 15. HP: 108/108 MP: 16/28
  6613 | D        | Noticed a tengu reaver
  6630 | D        | Killed from afar by a crystal guardian

Illustrated notes

Levels and vault maps discovered:
D:        linesprint [early_d, line_temple, items_1, d_10, items_2, lair_1,
          lair_end, items_3, orc_1, orc_end, items_4, d_15, swamp_1, shoals_1,
          snake_1, spider_1, d_20, vaults_1, items_5, swamp_end, shoals_end,
          snake_end, spider_end, vaults_end, d_27, items_6, zot_1, zot_end,
          crypt_end, forest_end, elf_end, slime_end, tomb_end, abyss_end,
          pan_hell_end]

Skill      XL: |  1  2  3  4  5  6  7  8  9 10 11 12 13 14 15 |
---------------+----------------------------------------------+-----
Axes           | 3 4 6 8 9 10 11 12 13 14 15 | 15.2
Fighting       | 5 6 8 10 11 12 13 15 16 17 | 17.8
Armour         | 5 6 8 10 11 12 13 15 16 18 20 | 20.1
Shields        | 5 6 8 10 11 12 13 15 16 18 20 | 20.1
Invocations    | 3 6 9 11 14 15 18 | 18.1
Dodging        | 1 6 9 11 12 | 12.0

Action                   |  1- 3 |  4- 6 |  7- 9 | 10-12 | 13-15 || total
-------------------------+-------+-------+-------+-------+-------++-------
Melee: War axe           |    21 |    17 |    38 |   107 |       ||   183
       Broad axe         |       |       |       |    68 |   202 ||   270
Invok: Slouch            |       |       |     1 |    28 |    29 ||    58
  Use: Potion            |     1 |     3 |     7 |     9 |       ||    20
       Scroll            |       |       |     1 |       |       ||     1
Armor: Scale mail        |     9 |     9 |    10 |    20 |       ||    48
       Chain mail        |       |       |       |    19 |    71 ||    90
Dodge: Dodged            |     2 |    10 |     9 |    22 |    68 ||   111
Block: Kite shield       |     6 |    13 |    24 |    61 |       ||   104
       Tower shield      |       |       |       |    63 |   225 ||   288
